Map: Bel'Shir Vestige LE (Void)

Players

llllllllll

  • Race: Terran Terran
  • League: Grandmaster
  • Spawn Location: 11:00

Railgan - Winner!

  • Race: Zerg Zerg
  • League: Grandmaster
  • Spawn Location: 5:00

VOD

Have the link to the VOD?

Description

Time

  • Played on: March 19, 2017, 3:10 p.m.
  • Length: 15:44
Show
View Real Time Build Order
Export as new Build Order

llllllllll Terran 

Build Orders: Reaper Expand, MMM Bio 

Get SALT Encoding   

  12  0:03  SCV  
  13  0:15  SCV  
  13  0:20  Supply Depot  
  14  0:28  SCV  
  15  0:42  SCV  
  16  0:43  Barracks  
  16  0:46  Refinery  
  16  0:54  SCV  
  17  1:06  SCV  
  18  1:19  SCV  
  19  1:32  Reaper, Orbital Command  
  20  1:42  Command Center  
  20  1:52  Barracks  
  20  1:58  SCV  
  21  2:06  Supply Depot  
  21  2:10  Barracks Reactor, SCV  
  22  2:18  Refinery  
  22  2:22  SCV  
  23  2:34  SCV  
  23  2:36  Factory  
  24  2:40  Barracks Tech Lab  
  24  2:46  Marine x2  
  24  2:47  SCV  
  27  2:53  Orbital Command  
  27  2:59  SCV  
  27  3:02  Stimpack  
  27  3:04  Marine  
  27  3:05  Marine  
  30  3:11  Marine, SCV  
  32  3:19  SCV  
  33  3:22  Marine  
  33  3:23  SCV  
  33  3:26  Starport  
  35  3:28  Marine, Factory Reactor  
  35  3:29  Marine  
  35  3:31  SCV  
  38  3:35  SCV  
  38  3:40  Marine  
  40  3:46  Marine  
  40  3:47  Marine, SCV  
  44  3:55  Supply Depot  
  43  3:56  SCV  
  43  3:58  Marine  
  43  3:59  SCV  
  46  4:16  Marine x2  
  46  4:17  Medivac x2, SCV x2  
  54  4:18  Supply Depot  
  54  4:23  Marine  
  53  4:29  SCV x2  
  53  4:34  Marine  
  54  4:40  Marine  
  54  4:41  Marine, SCV x2  
  58  4:47  Command Center  
  58  4:50  Supply Depot  
  58  4:52  Marine  
  59  4:53  SCV x2  
  61  5:03  Marine  
  61  5:04  Engineering Bay x2  
  62  5:11  Medivac x2, SCV  
  62  5:13  Bunker, Combat Shields  
  62  5:14  Marine  
  68  5:16  Marine  
  68  5:17  SCV  
  70  5:30  Refinery  
  70  5:32  Refinery, Terran Infantry Weapons Level 1  
  70  5:34  SCV  
  70  5:37  Marine, SCV  
  70  5:46  Barracks  
  70  5:47  Supply Depot  
  70  5:52  Supply Depot  
  70  5:56  Factory Reactor  
  70  5:59  Marine, Terran Infantry Armor Level 1, SCV x2  
  70  6:03  Marine x2, Barracks  
  75  6:06  Barracks  
  75  6:08  Orbital Command  
  75  6:11  Liberator  
  75  6:12  Liberator  
  75  6:16  Marine  
  74  6:20  Marine  
  74  6:21  Marine  
  74  6:22  SCV  
  72  6:31  SCV  
  74  6:34  Marine x2  
  74  6:38  Marine x2  
  74  6:48  SCV  
  74  6:52  Marine  
  73  6:56  Marine x2, SCV  
  73  6:58  Barracks Reactor  
  73  6:59  Barracks Tech Lab  
  73  7:00  Barracks Tech Lab  
  73  7:01  SCV  
  73  7:03  SCV  
  74  7:09  Widow Mine x2  
  74  7:10  Marine, SCV  
  74  7:13  SCV  
  74  7:14  Liberator  
  81  7:15  SCV  
  82  7:28  Marine x2  
  82  7:29  SCV x2  
  85  7:32  Armory  
  85  7:36  Marine x3  
  90  7:37  Marine x2  
  90  7:40  Widow Mine x2  
  97  7:46  Marine  
  97  7:47  SCV  
  99  7:52  Supply Depot  
  100  8:06  Supply Depot  
  100  8:11  SCV  
  100  8:12  Medivac  
  99  8:14  Medivac  
  99  8:16  SCV  
  99  8:19  Marine  
  103  8:21  Terran Infantry Weapons Level 2, Terran Infantry Armor Level 2  
  103  8:23  Marine  
  103  8:25  SCV  
  105  8:28  SCV  
  105  8:29  Marine x2  
  105  8:30  Marine  
  109  8:38  Liberator  
  109  8:41  Marine  
  109  8:42  Medivac, Marauder  
  109  8:43  SCV  
  109  8:44  Marine  
  109  8:45  Marine  
  117  8:54  SCV  
  117  8:56  Supply Depot  
  110  9:03  Marine x2  
  110  9:06  Marine x2, Marauder x2, Liberator  
  110  9:07  Supply Depot  
  110  9:08  SCV  
  117  9:15  Supply Depot  
  117  9:17  SCV  
  117  9:19  Marine  
  122  9:28  Marauder  
  122  9:30  Marine, Marauder  
  127  9:34  Marine  
  127  9:38  Missile Turret, Marauder, Liberator  
  129  9:39  Orbital Command  
  129  9:47  SCV x2  
  129  9:48  Supply Depot  
  129  9:49  Supply Depot  
  129  9:50  Marine  
  135  10:00  Liberator  
  135  10:04  SCV  
  135  10:05  SCV  
  132  10:14  Marine x3  
  132  10:15  Marine, Marauder  
  132  10:17  SCV  
  132  10:19  Marine  
  124  10:21  Liberator  
  124  10:22  SCV  
  116  10:29  Widow Mine  
  116  10:33  Marauder  
  116  10:37  Marauder  
  121  10:43  Liberator  
  121  10:47  Marine x2  
  121  10:48  Marauder  
  107  10:53  Fusion Core, Starport  
  107  10:55  Marauder  
  107  10:58  Marine  
  107  10:59  Marauder  
  94  11:04  Liberator  
  94  11:06  Marine x2  
  94  11:09  Marauder  
  94  11:10  Marine  
  96  11:13  Bunker, Refinery  
  96  11:14  Refinery  
  96  11:15  Marine  
  96  11:16  Marauder  
  99  11:20  Marine  
  99  11:21  SCV  
  99  11:22  Supply Depot  
  99  11:23  Marine  
  99  11:24  Marine  
  105  11:26  Liberator  
  105  11:28  Marine, SCV  
  105  11:30  Marine  
  105  11:32  Liberator  
  95  11:47  Liberator  
  95  11:48  Marauder x3  
  97  11:57  Marine  
  86  12:07  Marine  
  90  12:08  Marine  
  90  12:09  Marauder x2  
  90  12:13  Marine, Liberator  
  96  12:22  Marauder  
  95  12:31  Marine  
  95  12:33  Marine  
  95  12:36  Marine  
  101  12:40  Marine  
  102  12:46  Orbital Command  
  102  12:48  Marine, Marauder  
  102  12:51  Marine  
  106  13:04  Marine  
  109  13:07  Medivac  
  109  13:08  Medivac  
  111  13:13  SCV  
  111  13:14  SCV  
  111  13:19  SCV  
  114  13:21  Marine  
  112  13:32  Medivac  
  108  13:34  Liberator  
  108  13:37  Medivac  
  110  13:47  Marine x3, Marauder x2  
  116  13:58  Liberator  
  116  14:02  Marine  
  119  14:03  Marauder  
  119  14:04  Liberator  
  119  14:07  Marine  
  119  14:09  Marauder x2  
  127  14:21  Liberator  
  116  14:39  Marine  
  115  14:54  Marine  
  116  15:02  Marine  
  116  15:03  Marauder  
Show
View Real Time Build Order
Export as new Build Order

Railgan Zerg - Winner!

Build Orders: Pool First 

Get SALT Encoding   

  12  0:01  Drone  
  13  0:12  Overlord  
  13  0:17  Drone  
  14  0:31  Drone x2  
  14  0:35  Drone  
  17  0:47  Drone, Spawning Pool  
  17  0:58  Drone  
  18  1:11  Hatchery  
  18  1:13  Extractor  
  18  1:17  Drone  
  17  1:20  Drone  
  19  1:32  Drone  
  19  1:33  Queen  
  19  1:39  Zergling x2  
  22  1:50  Overlord  
  22  2:09  Drone, Queen  
  22  2:11  Drone  
  26  2:19  Metabolic Boost  
  26  2:27  Drone x2  
  26  2:28  Queen  
  29  2:33  Drone  
  30  2:39  Drone  
  31  2:47  Drone  
  31  2:49  Evolution Chamber  
  31  2:50  Zergling x4  
  31  2:51  Drone, Overlord  
  33  2:57  Drone  
  35  3:02  Drone  
  36  3:11  Zergling x2  
  37  3:15  Zerg Ground Armor Level 1  
  37  3:16  Zergling x2  
  37  3:19  Drone x4  
  42  3:26  Drone  
  43  3:32  Drone  
  44  3:37  Overlord  
  44  3:49  Overlord  
  44  3:52  Extractor, Overlord  
  44  3:53  Extractor  
  42  3:56  Drone x3  
  42  3:57  Drone x3  
  42  3:59  Lair  
  42  4:02  Extractor, Queen  
  47  4:05  Overlord  
  47  4:06  Drone  
  50  4:18  Zergling x8  
  54  4:31  Drone  
  54  4:32  Drone x4  
  54  4:37  Drone  
  56  4:43  Zergling x2  
  57  4:46  Zergling x2, Queen  
  60  4:53  Zergling x2  
  60  4:56  Overlord  
  60  4:59  Queen  
  63  5:03  Infestation Pit, Drone  
  63  5:04  Zergling x6  
  66  5:08  Zergling x2  
  66  5:09  Zergling x2  
  66  5:12  Overlord x2  
  68  5:14  Zerg Ground Armor Level 2  
  68  5:17  Zergling x2  
  69  5:21  Queen  
  69  5:22  Zergling x2  
  72  5:29  Zergling x2  
  72  5:31  Zergling x6  
  74  5:43  Pathogen Glands  
  74  5:44  Drone  
  75  5:51  Evolution Chamber  
  75  5:54  Drone x2  
  75  5:55  Drone  
  77  5:57  Burrow  
  77  5:58  Hatchery  
  77  6:01  Zergling x12  
  82  6:05  Overlord  
  81  6:15  Zergling x2  
  81  6:17  Overlord  
  81  6:19  Zergling x2  
  81  6:20  Zergling x2  
  81  6:24  Zerg Melee Weapons Level 1  
  83  6:32  Zergling x4  
  85  6:33  Drone  
  85  6:42  Zergling x2  
  85  6:43  Zergling x10  
  87  6:49  Zergling x4  
  84  6:56  Queen  
  82  7:04  Infestor  
  82  7:05  Infestor x4  
  92  7:16  Queen  
  92  7:17  Hive  
  94  7:28  Infestor  
  95  7:30  Zergling x16  
  95  7:31  Overlord  
  95  7:32  Zergling x4  
  103  7:47  Overlord  
  103  7:51  Drone x5  
  108  8:04  Drone x2  
  110  8:18  Drone x6  
  110  8:19  Drone  
  117  8:22  Overlord  
  117  8:27  Zerg Melee Weapons Level 2  
  117  8:28  Overlord  
  117  8:31  Zerg Ground Armor Level 3  
  117  8:32  Ultralisk Cavern  
  116  8:36  Zergling x2  
  116  8:37  Zergling x8  
  116  8:39  Extractor, Overlord  
  116  8:40  Extractor  
  119  8:45  Drone  
  121  8:53  Zergling x10  
  119  9:01  Zergling x6  
  115  9:07  Zergling x4  
  117  9:14  Zergling x2  
  117  9:15  Overseer  
  118  9:25  Hatchery  
  118  9:26  Chitinous Plating, Ultralisk x2  
  128  9:51  Hatchery  
  126  9:55  Zergling x4  
  126  10:20  Zergling x16  
  126  10:21  Zergling x2  
  120  10:32  Ultralisk x4  
  108  11:08  Ultralisk x2  
  108  11:09  Drone x3  
  123  11:11  Extractor  
  123  11:15  Zergling x6  
  124  11:28  Drone x2  
  117  11:41  Zergling x8  
  107  12:10  Infestor  
  107  12:11  Infestor x4  
  107  12:12  Queen  
  107  12:13  Queen x2  
  107  12:14  Zergling x2  
  121  12:44  Spire  
  117  13:03  Spore Crawler  
  117  13:04  Zergling x10  
  120  13:15  Drone x4  
  118  13:38  Drone x2  
  118  13:39  Drone x2  
  118  13:40  Drone  
  118  13:41  Drone x3  
  125  14:09  Hatchery  
  121  14:16  Corruptor x3  
  125  14:24  Corruptor  
  125  14:28  Spore Crawler  
  126  14:36  Corruptor x3  
  131  15:22  Hatchery  
Tags
 
Add a new tag
Caveats
  • Supply blocks, unpowered buildings, or Contaminate may cause inaccurate times.
  • Supply counts are checked every 10 seconds.